Match 45268272
Unlisted

Match 45268272
End
Construct Barracks
Selects Armored Battlegroup
Selects Veteran Crews
Engineer Squad
1⁄4-ton 4x4 Truck
Riflemen Squad
Riflemen Squad
Grenade Package
Mechanized Support Center
Construct Motor Pool
Selects Fast Deploy
M8 Greyhound Armored Car
Selects M31 Recovery Vehicle
M1 Anti-tank Gun Team
Salvage Crew
Construct Medical Station
Designate Forward Repair Station
M8 Greyhound Armored Car
Selects War Machine
Riflemen Squad
Construct Tank Depot
M1 Mortar Team
1⁄4-ton 4x4 Truck
Designate Forward Repair Station
Selects Seek and Destroy
Selects UNKNOWN (2160077)
M4A3E8 Sherman Easy Eight
M1918 Browning Automatic Rifles
Improvised Armor
M1 Mortar Team
Rapid Repairs
M4A3E8 Sherman Easy Eight
M4(105) Sherman Bulldozer
M31 Recovery Vehicle
M4A3E8 Sherman Easy Eight
Riflemen Squad
M18 Hellcat Tank Destroyer
-AL- Nimahfrosch
Surveillance-Buoy 2
Otto Karius
1Tap.com
0
0

Comments sign in to comment!

No comments posted yet!